 Dungeon Crawl Stone Soup version 0.31-a0-185-g9dded2c639 (webtiles) character file.

Game seed: 10287182064969977922

106 qw the Skirmisher (level 4, -2/25 HPs)
             Began as a Deep Elf Hunter on June 22, 2023.
             Slain by a kobold
             ... wielding a +0 short sword
              (4 damage)
             ... on level 2 of the Dungeon.
             The game lasted 00:00:20 (1340 turns).

qw the Skirmisher (Deep Elf Hunter)                 Turns: 1340, Time: 00:00:20

Health: -2/25      AC:  3    Str: 10    XL:     4   Next: 55%
Magic:  6/6        EV: 12    Int: 14    God:
Gold:   108        SH:  0    Dex: 18    Spells: 3/3 levels left

rFire   . . .        a - +4 hand crossbow (heavy)
rCold   . . .        (no shield)
rNeg    . . .        c - +0 leather armour
rPois   .            (no helmet)
rElec   .            (no cloak)
rCorr   .            (no gloves)
SInv    .            (no boots)
Will    .....        (no amulet)
Stlth   ++           (no ring)
HPRegen 0.24/turn    (no ring)
MPRegen 0.10/turn

%: no passive effects
@: no status effects
A: no striking features
a: no special abilities


You were on level 2 of the Dungeon.
You visited 1 branch of the dungeon, and saw 2 of its levels.

You collected 108 gold pieces.


   Skills:
 - Level 1.5 Fighting
 + Level 8.0 Ranged Weapons
 - Level 2.4 Dodging
 - Level 1.2 Stealth


You had 3 spell levels left.
You didn't know any spells.
Your spell library was empty.

Inventory:

Hand Weapons
 a - a +4 heavy hand crossbow (weapon)
Armour
 c - a +0 leather armour (worn)
Scrolls
 b - a scroll of teleportation {unknown}
 g - a scroll of summoning {unknown}
Potions
 d - a potion of enlightenment {unknown}
 e - a potion of curing
 f - a potion of heal wounds {unknown}
 h - 2 potions of resistance {unknown}

Dungeon Overview and Level Annotations

Branches:
Dungeon (2/15)

Altars:


Message History

Enter note:
Enter note:
Enter note:
Enter note: You shoot a bolt.
The bolt barely misses the kobold.
The kobold shouts! x3
The kobold throws a stone.
The stone barely misses you.
You shoot a bolt. The bolt hits the kobold!!
You kill the kobold!
You shoot a bolt.
The bolt hits the kobold but does no damage.
The kobold barely misses you. x2; The kobold misses you.
The kobold barely misses you. The kobold closely misses you.
The kobold barely misses you. The kobold hits you but does no damage.
You shoot a bolt. The bolt completely misses the kobold.
The kobold hits you with a +0 dagger. The kobold hits you but does no damage.
The kobold closely misses you. The kobold hits you but does no damage.
The kobold hits you with a +0 short sword.
The kobold hits you but does no damage. The kobold barely misses you.
The kobold hits you but does no damage.
The kobold hits you with a +0 short sword. x2
You shoot a bolt. The bolt barely misses the kobold.
The kobold hits you with a +0 dagger. The kobold hits you but does no damage.
The kobold closely misses you.
The kobold hits you with a +0 short sword.
The kobold closely misses you. x2
The kobold hits you with a +1 short sword of protection.
The kobold completely misses you. The kobold barely misses you.
The kobold closely misses you.
You shoot a bolt. The bolt closely misses the kobold.
The kobold hits you with a +0 dagger. The kobold barely misses you.
The kobold hits you with a +1 short sword of protection.
The kobold hits you but does no damage. The kobold barely misses you.
The kobold hits you with a +0 dagger. The kobold misses you.
The kobold barely misses you. The kobold closely misses you.
The kobold hits you but does no damage. x2
The kobold hits you with a +1 short sword of protection.
The kobold closely misses you.
The kobold hits you with a +0 short sword.
You die...

### #.# #####.# #.# ###
###### #.....# #.####
..# #.....
#.###.####....# ...#
#.###. #.#......#....#
...# #.###.
..............+ ....#
#.#...
#.#.#.##.#....####..%.##
#.#.##
#...#.##.#.###...K.....#
#.....
#####.##.#.#...K@K..# .
# ##....
.............###KK'## #.
#.#..... ########.#.###
#K..# #.##.#....) ###.#
#.#.# .[..)# #..........
....####.#.#
......##.#.##.####
.##....#.#.#
.......##......#
.#####.#.#.#
...$...##..##..#
......<..#.#
#.......##....#..#
##########.# ##.#.#.....


You could see 6 kobolds.

Vanquished Creatures
  Natasha (thrice) (D:2)
  A worm (D:2)
  A dart slug (D:1)
  An endoplasm (D:1)
  7 goblins
  2 hobgoblins (D:1)
  2 ball pythons
  2 bats (D:1)
  3 frilled lizards (D:1)
  6 kobolds
  2 rats
30 creatures vanquished.

Notes
Turn   | Place    | Note
-------+----------+-------------------------------------------
     0 | D:1      | qw the Deep Elf Hunter began the quest for the Orb.
     0 | D:1      | Reached XP level 1. HP: 12/12 MP: 3/3
     0 | D:1      | 0 ||| qw: Version: 0.3-a-9-g12657ce
     0 | D:1      | 0 ||| qw: Game counter: 1753
     0 | D:1      | 0 ||| qw: Always use a shield: true
     0 | D:1      | 0 ||| qw: God list: Okawaru
     0 | D:1      | 0 ||| qw: Allow faded altars: false
     0 | D:1      | 0 ||| qw: Do Orc after D:15 true
     0 | D:1      | 0 ||| qw: Do second Lair branch before Depths: true
     0 | D:1      | 0 ||| qw: Lair rune preference: random
     0 | D:1      | 0 ||| qw: Plans: Normal
     0 | D:1      | 0 ||| PLANNING D:1-11
   258 | D:1      | Reached XP level 2. HP: 16/16 MP: 4/4
   259 | D:1      | Reached skill level 6 in Ranged Weapons
   805 | D:1      | 805 ||| READING scroll labelled ASOGYZX PI OMI.
   806 | D:1      | 806 ||| READING scroll labelled GAERIEV FOXIC.
   834 | D:1      | 834 ||| READING scroll labelled SUMMOV MIUH.
   834 | D:1      | Identified a scroll of acquirement
   834 | D:1      | 834 ||| ACQUIRING +4 heavy hand crossbow
   834 | D:1      | Acquired a +4 heavy hand crossbow
   836 | D:1      | 836 ||| SWAPPING to +4 heavy hand crossbow.
   837 | D:1      | 837 ||| DROPPING +0 shortbow.
   838 | D:1      | 838 ||| DRINKING 2 bubbling white potions.
   839 | D:1      | 839 ||| DROPPING scroll of butterflies.
   970 | D:2      | Noticed Natasha
   971 | D:2      | Killed Natasha
   972 | D:2      | Reached skill level 7 in Ranged Weapons
   972 | D:2      | Reached XP level 3. HP: 20/20 MP: 5/5
   972 | D:2      | Noticed Natasha
   973 | D:2      | 973 ||| FLEEEEING.
   974 | D:2      | 974 ||| FLEEEEING.
   980 | D:2      | 980 ||| FLEEEEING.
   982 | D:2      | Killed Natasha
   983 | D:2      | Reached XP level 4. HP: 25/25 MP: 6/6
   999 | D:2      | Noticed Natasha
  1002 | D:2      | Killed Natasha
  1173 | D:2      | Reached skill level 8 in Ranged Weapons
  1340 | D:2      | HP: 6/25 [kobold/+1 short sword of protection (5)]
  1340 | D:2      | HP: 2/25 [kobold/+1 short sword of protection (3)]
  1340 | D:2      | Slain by a kobold

Levels and vault maps discovered:
D:1:      lemuel_arrival_broad_hall, layout_basic
D:2:      cheibrodos_fertilizer, layout_basic,
          ebering_ecumenical_altar_petrified, uniq_natasha

Skill      XL: |  1  2  3  4 |
---------------+-------------+-----
Ranged Weapons | 7 8 |  8.0
Fighting       | |  1.5
Dodging        | |  2.4
Stealth        | |  1.2

Action                     |  1- 3 |  4- 6 || total
---------------------------+-------+-------++-------
   Fire: Shortbow          |    38 |       ||    38
         Hand crossbow     |     7 |    14 ||    21
    Use: Scroll            |     3 |       ||     3
         Potion            |     1 |       ||     1
 Armour: Leather armour    |     1 |     9 ||    10
  Dodge: Dodged            |     2 |    22 ||    24

Table legend:
 A = Non-vault XP
 B = Vault XP
 C = Vault XP percentage of total XP
 D = Non-vault monster count
 E = Vault monster count
 F = Vault count percentage of total count
                 A         B        C        D         E       F
            +---------+---------+-------+---------+---------+-------
      Total |     116 |      36 |  23.7 |      28 |       2 |   6.7
            +---------+---------+-------+---------+---------+-------
        D:1 |      30 |       0 |   0.0 |      18 |       0 |   0.0
        D:2 |      86 |      36 |  29.5 |      10 |       2 |  16.7
            +---------+---------+-------+---------+---------+-------
